 Dungeon Crawl Stone Soup version 0.22-a0-93-g6b88ebb (webtiles) character file.

55162 KristoblXynda the Martial Artist (level 14, -4/121 HPs)
             Began as a Purple Draconian Monk on Jan 24, 2018.
             Was an Initiate of Gozag.
             Engulfed by a cloud of freezing vapour (23 damage)
             ... in an ice cave.
             The game lasted 00:47:04 (29464 turns).

KristoblXynda the Martial Artist (DrMo)            Turns: 29464, Time: 00:47:05

Health: -4/121     AC: 12    Str: 19    XL:     14   Next: 37%
Magic:  27/27      EV: 20    Int: 13    God:    Gozag
Gold:   5513       SH: 10    Dex: 15    Spells: 28/31 levels left

rFire    . . .     SeeInvis .     - Unarmed
rCold    . . .     Gourm    .   m - +1 buckler
rNeg     . . .     Faith    .   (armour unavailable)
rPois    +         Spirit   .   B - +2 hat {MR+}
rElec    .         Reflect  +   D - +0 cloak
rCorr    .         Harm     .   (no gloves)
MR       +++..     Clarity  +   (no boots)
Stlth    ++........             p - +3 amulet of reflection
HPRegen  0.30/turn              r - +4 ring of strength
MPRegen  0.20/turn              n - ring of poison resistance

@: no status effects
A: breathe power, unfitting armour, horns 1, clarity, shaggy fur 1,
cold-blooded, AC +8
a: Breathe Dispelling Energy, Potion Petition, Call Merchant, Bribe Branch,
Renounce Religion


You were in an ice cave.
You worshipped Gozag.
Gozag was greatly pleased with you.
You were not hungry.

You visited 3 branches of the dungeon, and saw 19 of its levels.
You also visited: Ossuary and Ice Cave.

You collected 5513 gold pieces.

Inventory:

Hand Weapons
 i - the +7 demon blade of Supply {drain, Str+5 Int-4 Dex+2}
   (You found it in an ice cave)

   A truly terrible weapon, it drains the life of those it strikes.
   It affects your strength (+5).
   It affects your intelligence (-4).
   It affects your dexterity (+2).
Missiles
 c - 7 javelins of penetration
 g - a throwing net (quivered)
Armour
 m - a +1 buckler (worn)
 B - a +2 hat of magic resistance (worn)
 D - a +0 cloak (worn)
Jewellery
 n - a ring of poison resistance (right hand)
 p - a +3 amulet of reflection (around neck)
 r - a +4 ring of strength (left hand)
 E - a +2 ring of slaying
Wands
 v - a wand of enslavement (9)
 x - a wand of digging (14)
Scrolls
 b - 4 scrolls of immolation
 d - 15 scrolls of remove curse
 h - 4 scrolls of amnesia
 j - a scroll of enchant armour
 l - a scroll of magic mapping
 s - 6 scrolls of teleportation
 t - a scroll of holy word
 y - 3 scrolls of identify
Potions
 e - 3 potions of curing
 k - 4 potions of flight
 o - 2 potions of brilliance
 q - 4 potions of magic
 z - a potion of agility
 A - a potion of cancellation
 F - 2 potions of ambrosia
Books
 w - a Necronomicon

   Spells                             Type                      Level
   a - Haunt                          Necromancy/Summoning         7
   b - Borgnjor's Revivification      Necromancy                   8
   c - Death's Door                   Charms/Necromancy            8
   d - Infestation                    Necromancy                   8
   e - Necromutation                  Transmutation/Necromancy     8
 C - a book of Frost

   Spells                             Type                      Level
   a - Freeze                         Ice                          1
   b - Throw Frost                    Conjuration/Ice              2
   c - Ozocubu's Armour               Charms/Ice                   3
   d - Throw Icicle                   Conjuration/Ice              4
   e - Summon Ice Beast               Ice/Summoning                4
Miscellaneous
 f - a lamp of fire
Comestibles
 a - 11 rations


   Skills:
 - Level 10.0 Fighting
 + Level 1.3 Throwing
 + Level 11.7 Dodging
 - Level 2.7 Stealth
 - Level 6.2 Shields
 - Level 13.0 Unarmed Combat
 + Level 9.4 Spellcasting
 + Level 7.0 Charms
 - Level 11.2 Evocations


You had 28 spell levels left.
You knew the following spells:

 Your Spells              Type           Power        Failure   Level  Hunger
a - Regeneration          Chrm/Necr      ###.......   9%          3    ##.....


Dungeon Overview and Level Annotations

Branches:
Dungeon (15/15)            Temple (1/1) D:4            Lair (3/6) D:11
  Swamp (0/4) Lair:2          Orc (0/2) D:9          Vaults (0/5) D:14
 Depths (0/5) D:15
  Snake: Lair:2-4    Spider: Lair:2-4

Altars:
Ashenzari
Cheibriados
Dithmenos
Elyvilon
Fedhas
Gozag
Hepliaklqana
Kikubaaqudgha
Makhleb
Nemelex Xobeh
Okawaru
Qazlal
Ru
Sif Muna
Trog
Uskayaw
Vehumet
Wu Jian
Xom
Yredelemnul
Zin
The Shining One
Jiyva
Lugonu

Shops:
D:6 }   D:11 [

Annotations:
D:15 exclusion: Roxanne, Roxanne


Innate Abilities, Weirdness & Mutations

You can breathe bolts of dispelling energy.
Your rich purple scales are hard. (AC +8)
You cannot fit into any form of body armour.
You are cold-blooded and may be slowed by cold attacks.
You have a pair of small horns on your head.
You possess an exceptional clarity of mind.
You are covered in fur. (AC +1)


Message History

The ice devil is lightly wounded.
You feel a little less mighty now. You block the ice devil's attack.
You hit the ice devil but do no damage.
The ice devil is lightly wounded.
You feel yourself speed up. The ice devil hits you! The ice devil freezes you!!
* * * LOW HITPOINT WARNING * * *
You barely miss the ice devil.
You headbutt the ice devil, but do no damage.
You tail-slap the ice devil, but do no damage.
The ice devil is lightly wounded.
You are engulfed in freezing vapours.
* * * LOW HITPOINT WARNING * * *
You block the ice devil's attack.
As you read the scroll of fear, it crumbles to dust.
You assume a fearsome visage.
The ice devil is unaffected.
You are engulfed in freezing vapours.
You die...
Your body crumbles into a pile of gold.

##....##§§##
###.......#
##..######
##......# ####
#.......#
##.....## #####
#.§§.## ##§.§##
##§§## ##§§§.$#
#§§§## #####
#.§4§≈§## ##.§≈#
#...####.§@§..§#
#§§##
#.).##.#§.§##.§##
#§§§####
#...#..##..#....#
##§§#..##
#.###.≈#.##.#..#
#§§#...#
##.#.#..#.#..##.##
#.§.....
#..#..........#..#
#...##..
#"..........§§§§§#
#..###..
#..#..####..§#§§§#
##.#.##.
##.#.........#§§§#
##....#.


You could see an ice devil.

Vanquished Creatures
  Louise (D:14)
  A reaper (IceCv)
  Nessos (D:15)
  Azrael (D:12)
  An ogre mage (D:15)
  An ice dragon (D:15)
  A hydra (Lair:3)
  2 centaur warriors (D:15)
  9 two-headed ogres
  2 tengu warriors
  Nergalle (D:10)
  3 unseen horrors
  A deep troll (D:14)
  Pikel (D:9)
  An orange crystal statue (Lair:1)
  3 orc knights (D:15)
  The ghost of KristoblXynda the Grappler, a novice DrMo (D:8)
  3 deep elf magi
  9 ugly things
  An orc sorcerer (D:15)
  A salamander (shapeshifter) (D:15)
  2 cyclopes
  3 black mambas
  A manticore (D:13)
  2 ice statues (IceCv)
  Psyche (D:9)
  A guardian serpent (D:10)
  3 spiny frogs
  2 centaur skeletons
  A komodo dragon (Lair:2)
  A freezing wraith (D:14)
  9 ice devils
  An efreet (D:15)
  14 trolls
  A hornet (D:8)
  A queen bee (D:9)
  Prince Ribbit (D:5)
  8 blink frogs
  3 hippogriffs
  4 slime creatures
  Sigmund (D:5)
  A shadow (D:15)
  A basilisk (Lair:3)
  3 wyverns
  A wraith (D:15)
  11 yaks
  2 fire elementals (D:12)
  A golden eye (shapeshifter) (D:15)
  A human (D:10)
  3 vampire mosquitoes (D:15)
  Edmund (D:5)
  6 swamp worms (Lair:2)
  2 wargs (D:15)
  An acid dragon (D:14)
  4 water moccasins
  5 porcupines
  4 sky beasts
  2 hell hounds (D:12)
  4 slaves (D:9)
  17 orc warriors
  2 ice beasts
  2 hornet zombies
  A black bear (D:10)
  2 necrophages
  2 phantoms
  5 centaurs
  12 ogres
  A wolf (D:9)
  5 crocodiles
  5 big kobolds
  4 gnoll sergeants (D:9)
  A wyvern zombie (D:11)
  12 bullfrogs
  4 scorpions
  35 killer bees
  3 electric eels
  6 wights
  2 howler monkeys
  8 crimson imps
  A quasit (D:8)
  5 hounds
  A human zombie (Ossuary)
  7 orc wizards
  2 gnoll shamans
  5 orc priests
  5 jellies
  Ijyb (D:5)
  3 iguanas
  9 worker ants
  A killer bee zombie (D:10)
  2 big kobold zombies (Ossuary)
  3 hound skeletons
  5 mummies (Ossuary)
  3 worker ant zombies
  A howler monkey zombie (D:6)
  16 adders
  17 gnolls
  2 shadow imps
  5 white imps (IceCv)
  7 ufetubi (IceCv)
  An ooze (D:4)
  5 adder zombies
  2 worms (D:3)
  2 dart slugs
  4 leopard geckos
  31 orcs
  3 ball pythons
  10 bats
  3 bat zombies (D:4)
  3 giant cockroaches
  5 goblins
  8 hobgoblins
  11 jackals
  27 kobolds
  3 quokkas
  3 frilled lizards
  A gnoll zombie (Ossuary)
  2 goblin zombies (Ossuary)
  A jackal skeleton (D:4)
  A leopard gecko skeleton (D:5)
  A leopard gecko zombie (D:6)
  2 orc zombies (Ossuary)
  A quokka skeleton (D:6)
  A quokka zombie (D:6)
  8 rats
  3 rat zombies (D:4)
530 creatures vanquished.

Vanquished Creatures (collateral kills)
  An ice dragon (D:15)
  2 ugly things (D:15)
  2 slime creatures (D:12)
  A bullfrog (D:12)
  A worker ant (D:12)
7 creatures vanquished.

Vanquished Creatures (others)
  An ugly thing (D:15)
  A komodo dragon (D:15)
  2 yaks
  2 centaurs
  A bullfrog zombie (D:12)
  A bullfrog skeleton (D:12)
  6 white imps (IceCv)
  4 ufetubi (IceCv)
  2 fungi (Lair:3)
  A plant (Lair:3)
21 creatures vanquished.

Grand Total: 558 creatures vanquished

Notes
Turn   | Place    | Note
-------+----------+-------------------------------------------
     0 | D:1      | KristoblXynda the Draconian Monk began the quest for the Orb.
     0 | D:1      | Reached XP level 1. HP: 19/19 MP: 1/1
   235 | D:1      | Reached XP level 2. HP: 17/26 MP: 2/2
   553 | D:1      | Reached XP level 3. HP: 21/31 MP: 3/3
  1017 | D:2      | Noticed a bullfrog
  1027 | D:2      | Killed a bullfrog
  1027 | D:2      | Reached skill level 4 in Unarmed Combat
  1027 | D:2      | Reached XP level 4. HP: 35/40 MP: 4/4
  1052 | D:2      | Found a bloodstained altar of Trog.
  1737 | D:3      | Reached XP level 5. HP: 46/46 MP: 5/5
  2222 | D:3      | Found an opulent altar of Gozag.
  2242 | D:3      | Became a worshipper of Gozag Ym Sagoz the Greedy
  2567 | D:4      | Reached skill level 1 in Shields
  2567 | D:4      | Reached skill level 5 in Unarmed Combat
  2871 | D:4      | Reached XP level 6. HP: 34/53 MP: 2/6
  2960 | D:4      | Found an ornate altar of the Wu Jian Council.
  3016 | D:4      | Found a radiant altar of Vehumet.
  3086 | D:4      | Found a glowing golden altar of the Shining One.
  3547 | D:4      | Found a staircase to the Ecumenical Temple.
  3559 | Temple   | Entered the Ecumenical Temple
  3782 | D:4      | Found an ancient bone altar of Kikubaaqudgha.
  3840 | D:5      | Entered Level 5 of the Dungeon
  3840 | D:5      | Noticed Ijyb
  3840 | D:5      | Noticed Prince Ribbit
  3989 | D:5      | Noticed Edmund
  4010 | D:5      | Killed Edmund
  4010 | D:5      | Reached skill level 5 in Fighting
  4010 | D:5      | Reached skill level 6 in Unarmed Combat
  4010 | D:5      | Your scales start taking on a rich purple colour.
  4010 | D:5      | Reached XP level 7. HP: 13/61 MP: 7/7
  4252 | D:5      | Noticed Sigmund
  4278 | D:5      | Killed Sigmund
  4318 | D:5      | Found an ancient bone altar of Kikubaaqudgha.
  4393 | D:5      | Found a hide-covered altar of Uskayaw.
  4404 | D:5      | Reached XP level 8. HP: 41/68 MP: 8/8
  4406 | D:5      | Reached skill level 7 in Unarmed Combat
  4559 | D:5      | Reached skill level 5 in Dodging
  4781 | D:5      | Killed Ijyb
  4958 | D:5      | Killed Prince Ribbit
  4958 | D:5      | Reached skill level 8 in Unarmed Combat
  5238 | D:6      | Found Semi's Gadget Emporium.
  5334 | D:6      | Reached XP level 9. HP: 54/74 MP: 9/9
  5446 | D:6      | Reached skill level 5 in Shields
  5455 | D:6      | Got a crude long sword
  5456 | D:6      | Identified the +3 long sword "Saps" {holy, +Inv MR- Dex+4 Stlth+} (You found it on level 6 of the Dungeon)
  5845 | D:6      | Found an opulent altar of Gozag.
  5984 | D:6      | Reached skill level 9 in Unarmed Combat
  6033 | D:7      | Reached skill level 1 in Evocations
  6055 | D:7      | Found a deep blue altar of Sif Muna.
  6895 | D:7      | Found a stormy altar of Qazlal.
  6987 | D:7      | Found a shattered altar of Ashenzari.
  7160 | D:8      | Found a sand-covered staircase.
  7169 | Ossuary  | Entered an ossuary
  7581 | D:8      | Reached skill level 10 in Unarmed Combat
  7598 | D:8      | HP: 2/74 [killer bee (2)]
  7701 | D:8      | Paralysed by a hornet for 2 turns
  7853 | D:8      | Noticed KristoblXynda's ghost (novice DrMo)
  7874 | D:8      | Killed KristoblXynda's ghost
  7874 | D:8      | Reached XP level 10. HP: 83/83 MP: 11/13
  8027 | D:8      | Found a shadowy altar of Dithmenos.
  8753 | D:8      | Found a glowing silver altar of Zin.
  8947 | D:9      | Noticed Psyche
  8961 | D:9      | Killed Psyche
  9180 | D:9      | Found a faded altar of an unknown god.
  9180 | D:9      | Found a sparkling altar of Nemelex Xobeh.
  9185 | D:9      | Found a blossoming altar of Fedhas.
  9187 | D:9      | Found a faded altar of an unknown god.
  9188 | D:9      | Found a snail-covered altar of Cheibriados.
  9259 | D:9      | Noticed Maurice
  9261 | D:9      | Noticed Maurice
  9261 | D:9      | Maurice changed into Maurice the wolf
  9278 | D:9      | Killed Maurice the wolf
  9278 | D:9      | Reached skill level 5 in Evocations
  9647 | D:9      | Noticed a two-headed ogre
  9659 | D:9      | Killed a two-headed ogre
  9908 | D:9      | Noticed Pikel
  9937 | D:9      | Killed Pikel
 10021 | D:9      | Reached skill level 11 in Unarmed Combat
 10337 | D:9      | Reached XP level 11. HP: 81/94 MP: 15/15
 10566 | D:9      | Found a white marble altar of Elyvilon.
 10626 | D:9      | Found a staircase to the Orcish Mines.
 10637 | D:9      | Gained mutation: You are covered in fur. (AC +1) [potion of mutation]
 10637 | D:9      | Gained mutation: You possess an exceptional clarity of mind. [potion of mutation]
 10637 | D:9      | Gained mutation: You have sharp toenails. [potion of mutation]
 10637 | D:9      | Gained mutation: You are robust. (+10% HP) [potion of mutation]
 11237 | D:10     | Entered Level 10 of the Dungeon
 11734 | D:10     | Noticed a two-headed ogre
 11739 | D:10     | Killed a two-headed ogre
 11876 | D:10     | Noticed Nergalle
 11894 | D:10     | Killed Nergalle
 12606 | D:11     | Found Tiluangi's Antique Armour Shoppe.
 12743 | D:11     | Killed an unseen horror
 13038 | D:11     | Learned a level 3 spell: Regeneration
 13123 | D:11     | Noticed a purple ugly thing
 13140 | D:11     | Killed a purple ugly thing
 13141 | D:11     | Found a white marble altar of Elyvilon.
 13264 | D:11     | Found a staircase to the Lair.
 13860 | Lair:1   | Entered Level 1 of the Lair of Beasts
 13900 | D:12     | Noticed a two-headed ogre
 14094 | D:12     | Lost mutation: You are robust. (+10% HP) [potion of mutation]
 14094 | D:12     | Lost mutation: You have sharp toenails. [potion of mutation]
 14094 | D:12     | Lost mutation: You possess an exceptional clarity of mind. [potion of mutation]
 14094 | D:12     | Gained mutation: You have a pair of small horns on your head. [potion of mutation]
 14094 | D:12     | Gained mutation: You possess an exceptional clarity of mind. [potion of mutation]
 14211 | D:12     | Reached skill level 1 in Spellcasting
 14376 | D:12     | Noticed a two-headed ogre
 14423 | D:12     | Killed a two-headed ogre
 14423 | D:12     | Reached XP level 12. HP: 98/105 MP: 18/18
 14442 | D:12     | Noticed Azrael
 14466 | D:12     | Killed a two-headed ogre
 14466 | D:12     | Reached skill level 12 in Unarmed Combat
 14489 | D:12     | Killed Azrael
 15275 | D:12     | Reached skill level 10 in Fighting
 16385 | D:12     | Reached skill level 10 in Dodging
 17125 | D:13     | Noticed a two-headed ogre
 17137 | D:13     | Killed a two-headed ogre
 17169 | D:13     | Reached skill level 5 in Spellcasting
 17495 | D:13     | Noticed a tengu warrior
 17519 | D:13     | Killed a tengu warrior
 18226 | D:14     | Reached XP level 13. HP: 71/113 MP: 21/21
 18242 | D:14     | Found a gate to the Vaults.
 18506 | D:14     | Noticed Louise
 18558 | D:14     | Killed Louise
 18558 | D:14     | Reached skill level 1 in Charms
 18916 | D:15     | Entered Level 15 of the Dungeon
 18957 | D:15     | Reached skill level 13 in Unarmed Combat
 19748 | D:15     | Reached skill level 10 in Evocations
 20045 | D:15     | Found a viscous altar of Jiyva.
 21302 | D:15     | Noticed Roxanne
 21425 | D:15     | HP: 5/113 [Roxanne/bolt of magma (40)]
 22020 | D:15     | Reached skill level 5 in Charms
 22141 | D:15     | Found a staircase to the Depths.
 22346 | D:15     | Noticed Nessos
 22386 | D:15     | Killed Nessos
 22817 | D:15     | Paralysed by an ogre mage for 5 turns
 23486 | Lair:1   | Reached XP level 14. HP: 92/121 MP: 26/26
 25396 | Lair:2   | Found a staircase to the Swamp.
 26409 | Lair:3   | Found a frozen archway.
 26507 | IceCv    | Entered an ice cave
 29369 | IceCv    | Noticed a reaper
 29398 | IceCv    | Killed a reaper
 29398 | IceCv    | Reached skill level 1 in Throwing
 29413 | IceCv    | Got an ichor-stained demon blade
 29424 | IceCv    | Identified the +7 demon blade of Supply {drain, Str+5 Int-4 Dex+2} (You found it in an ice cave)
 29464 | IceCv    | Engulfed by a cloud of freezing vapour

Vault maps used:
D:1:      nzn_arrival_depleted_hourglass, hangedman_decor_slide_cut
D:2:      bloody_trog, first_ration
D:3:      lemuel_round_altar, minmay_misc_feat_chi
D:4:      tso_metal_star, lemuel_zombie_altar_kikubaaqudgha, lemuel_round_altar,
          lemuel_doored_altar, minmay_temple_entry_hall,
          hangedman_decor_riveting
D:5:      eat_drink_and_be_merry_uskayaw, basic_altar, uniq_ijyb, uniq_edmund,
          uniq_prince_ribbit1, uniq_sigmund
D:6:      serial_shops, shop_coins, serial_undead, serial_undead_f,
          serial_undead_f, serial_undead_a, serial_undead_b, serial_undead_c,
          grunt_gozag_statues
D:7:      lemuel_round_altar, grunt_qazlal_clouds, basic_altar
D:8:      nicolae_whirlpool, lemuel_crystal_altar, grunt_dithmenos_smoke,
          nicolae_ossuary_entry_monument
D:9:      kennysheep_little_box, chequers_temple_overflow_minitemple,
          kennysheep_orc_monster_closet_entryway, special_room, uniq_psyche,
          uniq_pikel, uniq_maurice
D:10:     grunt_pizzeria, nrook_guardian_serpent_ordinary, uniq_nergalle
D:11:     lair_entry_dummy, serial_shops, nicolae_shop_stone, basic_altar,
          abandoned_shop, kennysheep_generic_room_16
D:12:     lemuel_troll_bridge, grunt_ministairs_8, uniq_azrael
D:14:     david_vaults_4, hangedman_abyss_or_decor_stagger, uniq_louise
D:15:     grunt_enter_depths_hoard, minmay_misc_feat_square, grunt_ministairs_3,
          jiyva_altar_1, uniq_nessos, uniq_roxanne
Temple:   corrupted_temple
Lair:1:   statuecave_lemuel, st_stairs_9, lemuel_fruit_tree,
          serial_bayou_shore_b
Lair:2:   nicolae_swamp_entry_splash_gauntlet
Lair:3:   portal_ice_cave_demonic_guard
Ossuary:  ossuary_crypta
IceCv:    ice_cave_small_demon

Skill      XL: |  1  2  3  4  5  6  7  8  9 10 11 12 13 14 |
---------------+-------------------------------------------+-----
Dodging        | 3 4 5 7 8 9 10 11 | 11.7
Fighting       | 4 5 6 7 9 10 | 10.0
Unarmed Combat | 4 5 6 8 10 11 12 13 | 13.0
Shields        | 1 2 3 4 5 6 |  6.2
Evocations     | 4 6 8 9 11 | 11.2
Spellcasting   | 1 5 8 9 |  9.4
Charms         | 5 7 |  7.0
Stealth        | 2 |  2.7
Throwing       | 1 |  1.3

Action                   |  1- 3 |  4- 6 |  7- 9 | 10-12 | 13-15 || total
-------------------------+-------+-------+-------+-------+-------++-------
Melee: Unarmed           |   130 |   294 |   479 |   962 |   797 ||  2662
       Tailslap          |    12 |    38 |    60 |   156 |   144 ||   410
       Punch             |     1 |       |       |       |       ||     1
       Kick              |       |       |       |    90 |       ||    90
       Headbutt          |       |       |       |   111 |   198 ||   309
Throw: Throwing net      |       |       |     1 |       |     1 ||     2
 Abil: Breathe Dispellin |       |       |     1 |    10 |     5 ||    16
Evoke: Wand              |       |       |       |    26 |     6 ||    32
       Lamp of fire      |       |       |       |     1 |     1 ||     2
  Use: Scroll            |       |     6 |    17 |     9 |     7 ||    39
       Potion            |       |     2 |     8 |    10 |     5 ||    25
 Stab: Sleeping          |     5 |     7 |     1 |     9 |     4 ||    26
       Distracted        |       |       |     2 |     2 |     2 ||     6
  Eat: Chunk             |       |     4 |       |       |       ||     4
       Ration            |       |     2 |     4 |    10 |    11 ||    27
Armor: Skin              |    44 |    71 |    65 |   141 |    91 ||   412
Dodge: Dodged            |   120 |   163 |   201 |   512 |   359 ||  1355
Block: Buckler           |       |    37 |   157 |   384 |   293 ||   871
       Reflection        |       |       |     1 |     8 |    20 ||    29

Table legend:
 A = Spawn XP
 B = Non-spawn XP
 C = Spawn XP percentage of total XP
 D = Spawn monster count
 E = Non-spawn monster count
 F = Spawn count percentage of total count
 G = Total turns spent on level
                    A         B        C        D         E        F      G
               +---------+---------+-------+---------+---------+-------+---------
         Total |       0 |   78803 |   0.0 |       0 |     538 |   0.0 | 29464
               +---------+---------+-------+---------+---------+-------+---------
           D:1 |       0 |      49 |   0.0 |       0 |      28 |   0.0 |  1017
           D:2 |       0 |     123 |   0.0 |       0 |      13 |   0.0 |   588
           D:3 |       0 |      62 |   0.0 |       0 |      18 |   0.0 |   733
           D:4 |       0 |     479 |   0.0 |       0 |      32 |   0.0 |  1601
           D:5 |       0 |    1450 |   0.0 |       0 |      33 |   0.0 |  1073
           D:6 |       0 |     961 |   0.0 |       0 |      25 |   0.0 |   929
           D:7 |       0 |    1002 |   0.0 |       0 |      17 |   0.0 |  1080
           D:8 |       0 |    2246 |   0.0 |       0 |      26 |   0.0 |  1556
           D:9 |       0 |    6722 |   0.0 |       0 |      76 |   0.0 |  2294
          D:10 |       0 |    3322 |   0.0 |       0 |      21 |   0.0 |   940
          D:11 |       0 |    3598 |   0.0 |       0 |      29 |   0.0 |  2011
          D:12 |       0 |   10678 |   0.0 |       0 |      51 |   0.0 |  2633
          D:13 |       0 |    4504 |   0.0 |       0 |      13 |   0.0 |  1066
          D:14 |       0 |    5842 |   0.0 |       0 |      15 |   0.0 |  1106
          D:15 |       0 |   22523 |   0.0 |       0 |      67 |   0.0 |  4342
        Lair:1 |       0 |    3800 |   0.0 |       0 |      15 |   0.0 |  1286
        Lair:2 |       0 |    4275 |   0.0 |       0 |      18 |   0.0 |  1624
        Lair:3 |       0 |    2091 |   0.0 |       0 |       6 |   0.0 |   262
       Ossuary |       0 |     190 |   0.0 |       0 |      13 |   0.0 |   318
         IceCv |       0 |    4886 |   0.0 |       0 |      22 |   0.0 |  2957
               +---------+---------+-------+---------+---------+-------+---------
